 Dungeon Sprint DCSS version 0.22-a0-162-g33bf127 (webtiles) character file.

20533 Kidiri the Eclecticist (level 12, -32/73 HPs)
             Began as a Deep Elf Fire Elementalist on Feb 12, 2018.
             Was the Champion of Vehumet.
             Annihilated by an azure jelly (40 damage)
             ... in the Dungeon (Sprint III: "The Ten Rune Challenge").
             The game lasted 00:17:29 (3735 turns).

Kidiri the Eclecticist (Deep Elf Fire Elementalist) Turns: 3735, Time: 00:17:29

Health: -32/73     AC:  9    Str: 12    XL:     12   Next: 46%
Magic:  30/36      EV: 20    Int: 26    God:    Vehumet [******]
Gold:   78         SH:  0    Dex: 15    Spells: 6/48 levels left

rFire    . . .     SeeInvis .   s - +0 dagger
rCold    . . .     Gourm    .   (no shield)
rNeg     . . .     Faith    .   r - +2 robe {MR+}
rPois    .         Spirit   .   f - +1 hat
rElec    .         Reflect  .   H - +0 cloak of Xangam Fote {+Fly Str+7} (curse)
rCorr    .         Harm     .   (no gloves)
MR       ++...     NoTele   +   (no boots)
Stlth    ++........             (no amulet)
HPRegen  0.22/turn              (no ring)
MPRegen  0.25/turn              (no ring)

@: no status effects
A: horns 1, iridescent scales 1
a: Renounce Religion, Evoke Flight


You were in the Dungeon.
You worshipped Vehumet.
Vehumet was exalted by your worship.
You were not hungry.

You visited 1 branch You collected 78 gold pieces.

Inventory:

Hand Weapons
 s - a +0 dagger (weapon)
Missiles
 u - 2 throwing nets (quivered)
Armour
 f - a +1 hat (worn)
 r - a +2 robe of magic resistance (worn)
 H - the cursed +0 cloak of Xangam Fote (worn) {+Fly Str+7}
   (You found it in the Dungeon)

   It affects your strength (+7).
   It lets you fly.
   It has a curse placed upon it.
Wands
 t - a wand of paralysis (14)
Scrolls
 m - a scroll of torment
 o - 5 scrolls of remove curse
 q - a scroll of holy word
 A - a scroll of blinking
Potions
 d - 3 potions of curing
 e - a potion of might
 g - a potion of magic
 h - a potion of berserk rage
 i - 2 potions of haste
 j - a potion of lignification {unknown}
 p - 4 potions of flight
 E - a potion of brilliance {unknown}
 F - a potion of agility {unknown}
Books
 b - a book of Flames

   Spells                             Type                      Level
   a - Flame Tongue                   Conjuration/Fire             1
   b - Throw Flame                    Conjuration/Fire             2
   c - Conjure Flame                  Conjuration/Fire             3
   d - Inner Flame                    Hexes/Fire                   3
   e - Sticky Flame                   Conjuration/Fire             4
   f - Fireball                       Conjuration/Fire             5
 l - a book of Minor Magic

   Spells                             Type                      Level
   a - Magic Dart                     Conjuration                  1
   b - Blink                          Translocation                2
   c - Call Imp                       Summoning                    2
   d - Slow                           Hexes                        2
   e - Conjure Flame                  Conjuration/Fire             3
   f - Mephitic Cloud                 Conjuration/Poison/Air       3
Miscellaneous
 z - a sack of spiders
 D - a crystal ball of energy
Comestibles
 a - 6 chunks of flesh
 c - 16 rations


   Skills:
 + Level 8.1 Fighting
 + Level 9.6 Short Blades
 + Level 8.1 Armour
 + Level 11.6 Dodging
 - Level 2.4 Stealth
 * Level 18.6 Spellcasting
 + Level 11.9 Conjurations
 + Level 12.3 Fire Magic
 + Level 7.1 Ice Magic
 + Level 9.6 Air Magic
 + Level 8.0 Earth Magic
 + Level 10.3 Poison Magic


You had 6 spell levels left.
You knew the following spells:

 Your Spells              Type           Power        Failure   Level  Hunger
a - Flame Tongue          Conj/Fire      #####        0%          1    None
b - Throw Flame           Conj/Fire      ######       0%          2    None
c - Conjure Flame         Conj/Fire      ######..     1%          3    None
d - Inner Flame           Hex/Fire       ######..     1%          3    None
e - Sticky Flame          Conj/Fire      ######..     1%          4    None
f - Fireball              Conj/Fire      ######....   1%          5    None
g - Bolt of Magma         Conj/Fire/Erth ######....   1%          5    None
h - Freezing Cloud        Conj/Ice/Air   ######....   1%          6    ###....
i - Iron Shot             Conj/Erth      ######....   1%          6    ###....
j - Mephitic Cloud        Conj/Pois/Air  ######..     1%          3    None
k - Olgreb's Toxic Radia  Pois           ######..     1%          4    None


Dungeon Overview and Level Annotations

Branches:
Dungeon (1/1)

Altars:
Cheibriados
Dithmenos
Elyvilon
Fedhas
Gozag
Hepliaklqana
Kikubaaqudgha
Makhleb
Nemelex Xobeh
Okawaru
Qazlal
Ru
Sif Muna
Trog
Uskayaw
Vehumet
Wu Jian
Xom
Yredelemnul
Zin
The Shining One
Beogh
Jiyva
Lugonu

Annotations:
D exclusion: 3 doors


Innate Abilities, Weirdness & Mutations

You have a pair of small horns on your head.
You are partially covered in iridescent scales. (AC +2)


Message History

Press: ? - help, Shift-Dir - straight line, f/p - azure jelly
Aim: an azure jelly The bolt of magma hits the azure jelly.
The azure jelly is burned terribly!
The azure jelly is moderately wounded.
The bolt of magma misses the azure jelly.
The bolt of magma hits the azure jelly.
The azure jelly is burned terribly!
You kill the azure jelly!
Vehumet accepts your kill.
You feel your power returning.
Your Fighting skill increases to level 8!
Your Armour skill increases to level 8!
Your Ice Magic skill increases to level 7!
Your Earth Magic skill increases to level 8!
The azure jelly hits you. The azure jelly freezes you!
* * * LOW HITPOINT WARNING * * *
The azure jelly hits you.
* * * LOW HITPOINT WARNING * * *
The azure jelly freezes you!!!
Ouch! That really hurt!
You die...

▓.................#___#__
▓▓▓▓▓▓▓▓▓▓▓▓▓▓▓▓▓▓▓▓▓▓▓▓▓
▓...+≈≈≈§§§≈≈.♣♣.....♣♣♣
▓..P#≈≈≈§§§§≈≈♣♣.≈≈≈≈'♣♣
▓.PP#≈≈≈§§§≈≈≈≈'.....#.≈
▓..P#.≈.§§§.≈≈♣♣♣♣♣♣♣#..
▓..(#≈≈≈≈≈≈§≈≈♣ ###
▓##.####'#######♣ ♣♣♣♣
▓..J.JJ@........♣♣ ♣...
▓#'#############'♣ ♣♣.#
▓...#≈...........♣ ♣..
▓...+≈≈...########♣♣ ♣♣.
▓...#≈≈≈.........PP♣ ♣♣.
▓...#≈≈≈≈....P....P♣ ♣..
#+#############+####*###
**,****** *≈≈≈≈≈≈≈≈≈
**,*,,,*** *≈≈≈≈≈≈≈≈≈


You could see 3 azure jellies.

Vanquished Creatures
  Rupert (D)
  Gastronok (D)
  An azure jelly (D)
  2 dire elephants (D)
  Erolcha (D)
  4 death yaks (D)
  Urug (D)
  A lindwurm (D)
  A deep elf mage (D)
  2 elephants (D)
  2 black mambas (D)
  2 spiny frogs (D)
  A komodo dragon (D)
  A rime drake (D)
  A queen bee (D)
  3 wandering mushrooms (D)
  2 tyrant leeches (D)
  8 blink frogs (D)
  A shadow (D)
  5 redbacks (D)
  A spatial vortex (D)
  A hydra simulacrum (D)
  A swamp drake (D)
  A necrophage (D)
  A black mamba simulacrum (D)
  A fire dragon simulacrum (D)
  5 two-headed ogres (D)
  A water elemental (D)
  31 killer bees (D)
  A jelly (D)
  Crazy Yiuf (D)
  A wizard (D)
  Jessica (D)
  A necromancer (D)
  A polar bear simulacrum (D)
  3 humans (D)
  A kobold demonologist (D)
  An ooze (D)
  2 rats (D)
  2 plants (D)
99 creatures vanquished.

Vanquished Creatures (others)
  2 draconian scorchers (D)
  6 hellions (D)
  3 yaktaurs (D)
  A killer bee (D)
  3 plants (D)
15 creatures vanquished.

Grand Total: 114 creatures vanquished

Notes
Turn   | Place    | Note
-------+----------+-------------------------------------------
     0 | D        | Kidiri the Deep Elf Fire Elementalist began the quest for the Orb.
     0 | D        | Reached XP level 1. HP: 10/10 MP: 6/6
    47 | D        | Reached skill level 4 in Spellcasting
    49 | D        | Killed a yaktaur
    88 | D        | Killed a hellion
   125 | D        | Killed a hellion
   126 | D        | Killed a hellion
   126 | D        | Killed a hellion
   145 | D        | Killed a hellion
   149 | D        | Killed a white draconian scorcher
   167 | D        | Killed a hellion
   174 | D        | Killed a white draconian scorcher
   204 | D        | Noticed Jessica
   205 | D        | Killed Jessica
   205 | D        | Reached skill level 6 in Spellcasting
   205 | D        | Reached XP level 2. HP: 15/15 MP: 7/11
   205 | D        | Reached XP level 3. HP: 19/19 MP: 7/12
   210 | D        | Learned a level 2 spell: Throw Flame
   214 | D        | Learned a level 3 spell: Conjure Flame
   218 | D        | Learned a level 3 spell: Inner Flame
   284 | D        | Reached skill level 7 in Spellcasting
   284 | D        | Reached skill level 5 in Fire Magic
   357 | D        | Noticed Crazy Yiuf
   363 | D        | Killed Crazy Yiuf
   363 | D        | Reached skill level 8 in Spellcasting
   363 | D        | Reached XP level 4. HP: 24/24 MP: 9/16
   386 | D        | Gained mutation: You have an increased reservoir of magic. (+10% MP) [potion of mutation]
   386 | D        | Gained mutation: You can translocate small distances at will. [potion of mutation]
   387 | D        | Lost mutation: You can translocate small distances at will. [potion of mutation]
   387 | D        | Lost mutation: You have an increased reservoir of magic. (+10% MP) [potion of mutation]
   387 | D        | Gained mutation: You are weak. (Str -2) [potion of mutation]
   387 | D        | Lost mutation: You are weak. (Str -2) [potion of mutation]
   388 | D        | Gained mutation: Your spells are a little easier to cast, but a little less powerful. [potion of mutation]
   388 | D        | Gained mutation: You have a pair of small horns on your head. [potion of mutation]
   388 | D        | Gained mutation: Your mind is acute. (Int +2) [potion of mutation]
   388 | D        | Gained mutation: You are somewhat resistant to further mutation. [potion of mutation]
   389 | D        | Lost mutation: Your mind is acute. (Int +2) [potion of mutation]
   389 | D        | Lost mutation: Your spells are a little easier to cast, but a little less powerful. [potion of mutation]
   390 | D        | Lost mutation: You have a pair of small horns on your head. [potion of mutation]
   390 | D        | Lost mutation: You are somewhat resistant to further mutation. [potion of mutation]
   390 | D        | Gained mutation: You are robust. (+10% HP) [potion of mutation]
   390 | D        | Gained mutation: Your flesh is cold resistant. (rC+) [potion of mutation]
   398 | D        | Learned a level 4 spell: Sticky Flame
   444 | D        | Noticed a water elemental
   447 | D        | Killed a water elemental
   447 | D        | Reached skill level 9 in Spellcasting
   447 | D        | Reached skill level 5 in Conjurations
   490 | D        | Found a radiant altar of Vehumet.
   491 | D        | Found a deep blue altar of Sif Muna.
   491 | D        | Found an ancient bone altar of Kikubaaqudgha.
   491 | D        | Noticed a wizard
   494 | D        | Killed a wizard
   494 | D        | Reached skill level 10 in Spellcasting
   494 | D        | Reached XP level 5. HP: 27/30 MP: 9/19
   522 | D        | Learned a level 5 spell: Fireball
   526 | D        | Learned a level 3 spell: Mephitic Cloud
   526 | D        | Killed a yaktaur
   529 | D        | Became a worshipper of Vehumet
   551 | D        | Killed a yaktaur
   620 | D        | Found a glowing silver altar of Zin.
   621 | D        | Found a glowing golden altar of the Shining One.
   621 | D        | Found a white marble altar of Elyvilon.
   621 | D        | Noticed a deep elf mage
   628 | D        | Killed a deep elf mage
   628 | D        | Reached skill level 12 in Spellcasting
   628 | D        | Reached XP level 6. HP: 39/39 MP: 10/23
   628 | D        | Reached XP level 7. HP: 44/44 MP: 10/24
   699 | D        | Found a hide-covered altar of Uskayaw.
   699 | D        | Found a roughly hewn altar of Beogh.
   699 | D        | Found an iron altar of Okawaru.
   699 | D        | Found a bloodstained altar of Trog.
   699 | D        | Found an ornate altar of the Wu Jian Council.
   699 | D        | Noticed a human
   699 | D        | Noticed a human
   704 | D        | Killed a human
   704 | D        | Reached skill level 5 in Dodging
   709 | D        | Killed a human
   709 | D        | Reached * piety under Vehumet
   709 | D        | Offered knowledge of Shock by Vehumet.
   835 | D        | Found a basalt altar of Yredelemnul.
   835 | D        | Found a shadowy altar of Dithmenos.
   835 | D        | Found a sacrificial altar of Ru.
   885 | D        | Noticed a shadow
   885 | D        | Offered knowledge of Searing Ray by Vehumet.
   885 | D        | Reached ** piety under Vehumet
   886 | D        | Killed a shadow
   886 | D        | Reached skill level 13 in Spellcasting
   886 | D        | Reached XP level 8. HP: 50/50 MP: 18/27
   939 | D        | Found a blossoming altar of Fedhas.
   939 | D        | Found a stormy altar of Qazlal.
   939 | D        | Found a snail-covered altar of Cheibriados.
   939 | D        | Found a burning altar of Makhleb.
   939 | D        | Found a shimmering altar of Xom.
   940 | D        | Found a hazy altar of Hepliaklqana.
   940 | D        | Found an opulent altar of Gozag.
   940 | D        | Found a sparkling altar of Nemelex Xobeh.
   940 | D        | Found a corrupted altar of Lugonu.
   940 | D        | Found a viscous altar of Jiyva.
  1162 | D        | Offered knowledge of Ignite Poison by Vehumet.
  1173 | D        | Reached *** piety under Vehumet
  1173 | D        | Reached skill level 5 in Poison Magic
  1303 | D        | Noticed a two-headed ogre
  1310 | D        | Killed a two-headed ogre
  1310 | D        | Offered knowledge of Olgreb's Toxic Radiance by Vehumet.
  1310 | D        | Reached skill level 5 in Short Blades
  1310 | D        | Reached skill level 5 in Air Magic
  1317 | D        | Learned a level 4 spell: Olgreb's Toxic Radiance
  1380 | D        | Noticed a two-headed ogre
  1385 | D        | Noticed Erolcha
  1389 | D        | Killed a two-headed ogre
  1389 | D        | Reached XP level 9. HP: 57/57 MP: 10/28
  1389 | D        | Reached **** piety under Vehumet
  1389 | D        | Reached skill level 14 in Spellcasting
  1399 | D        | Killed Erolcha
  1399 | D        | Offered knowledge of Bolt of Magma by Vehumet.
  1399 | D        | Reached skill level 5 in Fighting
  1406 | D        | Learned a level 5 spell: Bolt of Magma
  1531 | D        | Reached skill level 5 in Armour
  1533 | D        | Reached ***** piety under Vehumet
  1534 | D        | Offered knowledge of Irradiate by Vehumet.
  1536 | D        | Reached skill level 1 in Earth Magic
  1539 | D        | Noticed a queen bee
  1540 | D        | Reached skill level 15 in Spellcasting
  1543 | D        | Reached ****** piety under Vehumet
  1545 | D        | Reached skill level 10 in Fire Magic
  1545 | D        | Reached XP level 10. HP: 29/64 MP: 13/31
  1882 | D        | Offered knowledge of Freezing Cloud by Vehumet.
  1916 | D        | Learned a level 6 spell: Freezing Cloud
  1922 | D        | Reached skill level 1 in Ice Magic
  2172 | D        | Got a steaming cloak
  2183 | D        | Identified the cursed +0 cloak of Xangam Fote {+Fly Str+7} (You found it in the Dungeon)
  2310 | D        | Noticed a spiny frog
  2310 | D        | Noticed a spiny frog
  2314 | D        | Killed a spiny frog
  2314 | D        | Offered knowledge of Orb of Destruction by Vehumet.
  2314 | D        | Reached skill level 10 in Conjurations
  2314 | D        | Killed a spiny frog
  2314 | D        | Reached skill level 16 in Spellcasting
  2615 | D        | Noticed a lindwurm
  2618 | D        | Killed a lindwurm
  2705 | D        | Reached XP level 11. HP: 71/71 MP: 33/33
  2706 | D        | Noticed Urug
  2712 | D        | Killed Urug
  2712 | D        | Offered knowledge of Iron Shot by Vehumet.
  2712 | D        | Reached skill level 5 in Earth Magic
  2929 | D        | Reached skill level 10 in Dodging
  3025 | D        | Learned a level 6 spell: Iron Shot
  3026 | D        | Noticed Rupert
  3060 | D        | Killed Rupert
  3060 | D        | Reached skill level 17 in Spellcasting
  3229 | D        | Noticed a death yak
  3230 | D        | Noticed a death yak
  3232 | D        | Offered knowledge of Poison Arrow by Vehumet.
  3238 | D        | Killed a death yak
  3238 | D        | Reached skill level 5 in Ice Magic
  3238 | D        | Killed a death yak
  3239 | D        | Noticed a death yak
  3241 | D        | Noticed a death yak
  3244 | D        | Killed a death yak
  3251 | D        | Killed a death yak
  3433 | D        | Offered knowledge of Ozocubu's Refrigeration by Vehumet.
  3523 | D        | Noticed an azure jelly
  3523 | D        | Noticed an azure jelly
  3594 | D        | Noticed an azure jelly
  3594 | D        | Noticed an azure jelly
  3595 | D        | Noticed a dire elephant
  3595 | D        | Noticed a dire elephant
  3595 | D        | Noticed Gastronok
  3606 | D        | Killed a dire elephant
  3606 | D        | Reached skill level 18 in Spellcasting
  3606 | D        | Reached XP level 12. HP: 62/79 MP: 8/36
  3607 | D        | Killed a dire elephant
  3609 | D        | Reached skill level 10 in Poison Magic
  3611 | D        | Killed Gastronok
  3632 | D        | Lost mutation: Your flesh is cold resistant. (rC+) [potion of mutation]
  3632 | D        | Lost mutation: You are robust. (+10% HP) [potion of mutation]
  3632 | D        | Gained mutation: You have a pair of small horns on your head. [potion of mutation]
  3632 | D        | Gained mutation: You are partially covered in iridescent scales. (AC +2) [potion of mutation]
  3735 | D        | Killed an azure jelly
  3735 | D        | Annihilated by an azure jelly

Vault maps used:
D:        dungeon_sprint_mu

Skill      XL: |  1  2  3  4  5  6  7  8  9 10 11 12 |
---------------+-------------------------------------+-----
Spellcasting   | 6 8 10 12 13 15 16 18 | 18.6
Conjurations   | 3 4 5 7 8 9 10 11 | 11.9
Fire Magic     | 4 5 6 7 8 9 10 11 12 | 12.3
Fighting       | 2 3 4 5 6 7 8 |  8.1
Short Blades   | 3 4 5 6 7 9 |  9.6
Armour         | 2 3 4 5 6 7 8 |  8.1
Dodging        | 4 5 6 8 9 11 | 11.6
Air Magic      | 3 4 5 6 7 9 |  9.6
Poison Magic   | 3 4 5 7 8 9 10 | 10.3
Earth Magic    | 2 4 7 8 |  8.0
Ice Magic      | 3 6 7 |  7.1
Stealth        | |  2.4

Action                   |  1- 3 |  4- 6 |  7- 9 | 10-12 || total
-------------------------+-------+-------+-------+-------++-------
Melee: Dagger            |       |       |     1 |    11 ||    12
Throw: Throwing net      |       |       |     1 |       ||     1
 Cast: Flame Tongue      |    19 |     8 |    53 |     6 ||    86
       Throw Flame       |     2 |       |     1 |     4 ||     7
       Sticky Flame      |       |     4 |     7 |     5 ||    16
       Conjure Flame     |       |     1 |     8 |     4 ||    13
       Inner Flame       |       |     1 |     5 |       ||     6
       Mephitic Cloud    |       |     1 |     6 |     4 ||    11
       Olgreb's Toxic Ra |       |       |     4 |     7 ||    11
       Bolt of Magma     |       |       |     2 |    43 ||    45
       Fireball          |       |       |       |     5 ||     5
       Iron Shot         |       |       |       |     9 ||     9
       Freezing Cloud    |       |       |       |     3 ||     3
  Use: Potion            |     1 |     5 |       |     5 ||    11
       Scroll            |       |     2 |       |     5 ||     7
 Stab: Sleeping          |       |       |       |     2 ||     2
  Eat: Ration            |       |       |     1 |     2 ||     3
       Chunk             |       |       |       |     1 ||     1
Armor: Robe              |     1 |     2 |       |     6 ||     9
Dodge: Dodged            |     4 |    14 |    17 |    36 ||    71

Table legend:
 A = Spawn XP
 B = Non-spawn XP
 C = Spawn XP percentage of total XP
 D = Spawn monster count
 E = Non-spawn monster count
 F = Spawn count percentage of total count
 G = Total turns spent on level
                    A         B        C        D         E        F      G
               +---------+---------+-------+---------+---------+-------+---------
         Total |       0 |   29334 |   0.0 |       0 |      98 |   0.0 |  3735
               +---------+---------+-------+---------+---------+-------+---------
             D |       0 |   29334 |   0.0 |       0 |      98 |   0.0 |  3735
               +---------+---------+-------+---------+---------+-------+---------
